 Dungeon Crawl Stone Soup version 0.14-a0-1663-g0b35444 (webtiles) character file.

379 Nicoed the Chopper (level 5, 0/47 HPs)
             Began as a Minotaur Berserker on Dec 29, 2013.
             Was a Priest of Trog.
             Slain by a worker ant (4 damage)
             ... on Level 4 of the Dungeon.
             The game lasted 00:08:40 (2641 turns).

Nicoed the Chopper (Minotaur Berserker)             Turns: 2641, Time: 00:08:40

HP   0/47        AC  6     Str 27      XL: 5   Next: 86%
MP   2/2         EV 11     Int  4      God: Trog [***...]
Gold 131         SH  0     Dex 10      Spells:  0 memorised,  4 levels left

rFire  + . .     SeeInvis .     A - +0,+1 orc hand axe
rCold  . . .     Clarity  .     a - +0 ring mail
rNeg   . . .     Conserve .     (no shield)
rPois  .         rCorr    .     w - +0 wizard hat
rElec  .         rRot     .     (no cloak)
SustAb . .       Spirit   .     l - +0 pair of gloves
rMut   .         Warding  .     (no boots)
Saprov . . .     Stasis   .     (no amulet)
                                p - ring of sustenance
                                f - ring of protection from fire {unknown}

@: mighty, slightly resistant to hostile enchantments, extremely unstealthy
A: retaliatory headbutt, horns 2
a: Burn Spellbooks, Berserk, Trog's Hand, Renounce Religion


You were on level 4 of the Dungeon.
You worshipped Trog.
Trog was most pleased with you.
You were not hungry.

You visited 1 branch of the dungeon, and saw 4 of its levels.

You collected 131 gold pieces.

Inventory:

Hand weapons
 A - a +0,+1 orcish hand axe (weapon)
Armour
 a - a +0 ring mail (worn)
 l - a +0 pair of gloves (worn)
 w - a +0 wizard hat (worn)
Comestibles
 m - a meat ration
 x - 2 pears
Scrolls
 e - 2 scrolls of fog {unknown}
 i - 3 scrolls of identify {unknown}
 j - a scroll of curse armour {unknown}
 n - a scroll of curse jewellery {unknown}
 o - 2 scrolls of remove curse {unknown}
 q - a scroll of immolation {unknown}
 r - a scroll of teleportation {unknown}
 s - a scroll of amnesia {unknown}
 t - a scroll of fear {unknown}
 v - a scroll of enchant armour {unknown}
 y - a scroll of blinking {unknown}
Jewellery
 f - a ring of protection from fire (left hand) {unknown}
 p - a ring of sustenance (right hand)
 u - an uncursed ring of sustain abilities {unknown}
Potions
 b - a potion of resistance {unknown}
 d - 3 potions of brilliance {unknown}
 g - a potion of lignification {unknown}
 h - a potion of restore abilities {unknown}
 k - 4 potions of curing {unknown}
 z - a potion of heal wounds {unknown}


   Skills:
 + Level 4.8 Fighting
 + Level 5.3 Axes
 + Level 3.2 Armour
 + Level 4.5 Dodging


You had 4 spell levels left.
You didn't know any spells.

Dungeon Overview and Level Annotations

Branches:
Dungeon (4/16)
 Temple: D:4-7

Altars:
Nemelex Xobeh

Annotations:
D:4 Menkaure


Innate Abilities, Weirdness & Mutations

You reflexively headbutt those who attack you in melee.
You have a pair of horns on your head.


Message History

* * * LOW HITPOINT WARNING * * *
The worker ant bites you.
* * * LOW HITPOINT WARNING * * *
You feel very mighty all of a sudden.
It was a potion of might.
The worker ant barely misses you.
Menkaure sighs in an indecipherable tongue.
Menkaure hums, "It doesn't hurt if you pull your brain out of your nose yourself."
The worker ant completely misses you.
Menkaure forgets how to to speak, silenced by the ages.
Menkaure calls on the powers of darkness!
Your body is wracked with pain!
* * * LOW HITPOINT WARNING * * *
Menkaure calls on the powers of darkness!
Your body is wracked with pain!
* * * LOW HITPOINT WARNING * * *
Menkaure calls on the powers of darkness!
Your body is wracked with pain!
* * * LOW HITPOINT WARNING * * *
The worker ant bites you.
You die...

###...........#
####........#
#........#
#..).....#
#M.......#
#........#
#........#
#a.......#
#@.......#
#........#
#........#
#........#
#........#
#######........#
...............#
...............#
...............#


You could see Menkaure and a worker ant.

Vanquished Creatures
  A crimson imp (D:3)
  A centaur skeleton (D:4)
  2 orc priests (D:3)
  A worker ant (D:4)
  4 adders (D:2)
  4 orcs (D:3)
  6 goblins
  8 hobgoblins
  7 jackals
  A ball python (D:2)
  9 bats
  5 giant cockroaches
  3 giant newts
  9 kobolds
  A quokka (D:4)
  8 rats
70 creatures vanquished.

Notes
Turn   | Place    | Note
--------------------------------------------------------------
     0 | D:1      | Nicoed, the Minotaur Berserker, began the quest for the Orb.
     0 | D:1      | Reached XP level 1. HP: 19/19 MP: 1/1
   356 | D:1      | Reached XP level 2. HP: 22/27 MP: 1/1
   515 | D:1      | Reached skill level 4 in Fighting
   609 | D:1      | Acquired Trog's second power
   747 | D:2      | Reached XP level 3. HP: 19/33 MP: 2/2
  1199 | D:2      | Reached XP level 4. HP: 41/41 MP: 2/2
  1615 | D:2      | Found a sparkling altar of Nemelex Xobeh.
  2014 | D:3      | Reached XP level 5. HP: 47/47 MP: 2/2
  2153 | D:3      | Reached skill level 5 in Axes
  2614 | D:4      | Noticed Menkaure
  2641 | D:4      | Slain by a worker ant

Action                   |  1- 3 |  4- 6 || total
-------------------------+-------+-------++-------
Melee: Hand axe          |    84 |    90 ||   174
Invok: Berserk           |       |     1 ||     1
  Use: Potion            |       |     1 ||     1
